 Dungeon Crawl Stone Soup version 0.30-a0-1082-g70414cbcbb (webtiles) character file.

Game seed: 3016906464734544299

4 holysushi the Trooper (level 1, -2/18 HPs)
             Began as a Demonspawn Fighter on Apr 16, 2023.
             Slain by a quokka (5 damage)
             ... on level 1 of the Dungeon.
             The game lasted 00:00:55 (94 turns).

holysushi the Trooper (Demonspawn Fighter)            Turns: 94, Time: 00:00:56

Health: -2/18      AC:  0    Str: 16    XL:     1   Next: 50%
Magic:  1/1        EV: 10    Int:  9    God:
Gold:   0          SH:  4    Dex: 12    Spells: 0/0 levels left

rFire   . . .      SeeInvis .    a - +0 rapier
rCold   . . .      Faith    .    c - +0 buckler
rNeg    . . .      Spirit   .    (no body armour)
rPois   .          Reflect  .    (no helmet)
rElec   .          Rampage  .    (no cloak)
rCorr   .                        (no gloves)
Will    .....                    (no boots)
Stlth   +                        (no amulet)
HPRegen 0.23/turn                (no ring)
MPRegen 0.07/turn                (no ring)

@: no status effects
A: no striking features
a: no special abilities


You were on level 1 of the Dungeon.
You visited 1 branch of the dungeon, and saw 1 of its levels.

Inventory:

Hand Weapons
 a - a +0 rapier (weapon)
Armour
 c - a +0 buckler (worn)
Scrolls
 b - a scroll of magic mapping {unknown}
Potions
 d - a potion of might


   Skills:
 - Level 3.0 Fighting
 + Level 2.1 Short Blades
 - Level 2.6 Armour
 + Level 0.0 Dodging
 - Level 2.6 Shields


You couldn't memorise any spells.
You didn't know any spells.
Your spell library was empty.

Dungeon Overview and Level Annotations

Branches:
Dungeon (1/15) Zot: 5903

Altars:


Message History

The ball python closely misses you. The ball python constricts you.
You hit the ball python.
You kill the ball python!
Your Short Blades skill increases to level 2!
No target in view!
You see here a ball python corpse.
You start resting.
HP restored.
You open the door.
There is an open door here.
You open the door.
There is an open door here.
A quokka comes into view.
A quokka is nearby!
A quokka is nearby!
A quokka is nearby!
A quokka is nearby!
A bat comes into view.
Found a scroll labelled BEVISI VAUCKO and a potion of might.
The bat hits you. x2
You barely miss the bat. The bat hits you. The quokka closely misses you.
You block the quokka's attack.
You closely miss the quokka. The bat hits you. The quokka bites you.
You hit the bat.
You kill the bat!
The quokka bites you. You block the quokka's attack.
You hit the quokka.
The quokka is moderately wounded.
The quokka bites you.
You are too injured to fight recklessly!
You are too injured to fight recklessly!
You miss the quokka.
The quokka is moderately wounded.
The quokka bites you.
You barely miss the quokka.
The quokka is moderately wounded.
The quokka bites you.
* * * LOW HITPOINT WARNING * * *
The quokka bites you.
You die...

..#...........#.#....#'#
.............#.#.⌠....#
#..........#......#†.#
...#....##......####.'
#....####......#..#
#....# ##.#.⌠....#
#.#### #.#....#'#
#.########.###..#..
#.@†....##......#..
.?......r.....##########
.##.#..#....... #
#.......... #..#.......
#........#. #........#
#.. ...!.#


You could see a quokka.

Vanquished Creatures
  A ball python (D:1)
  A bat (D:1)
  An endoplasm (D:1)
3 creatures vanquished.

Notes
Turn   | Place    | Note
-------+----------+-------------------------------------------
     0 | D:1      | holysushi the Demonspawn Fighter began the quest for the
                  | Orb.
     0 | D:1      | Reached XP level 1. HP: 18/18 MP: 1/1
    94 | D:1      | Slain by a quokka

Illustrated notes

Levels and vault maps discovered:
D:1:      dpeg_arrival_court, layout_loops_cross

Skill      XL: |  1 |
---------------+----+-----
Short Blades   | 2 |  2.1
Fighting       | |  3.0
Armour         | |  2.6
Shields        | |  2.6

Action                     || total
---------------------------++-------
  Melee: Rapier            ||    14
  Dodge: Dodged            ||     5
  Block: Buckler           ||     2

Table legend: (Time is in decaauts)
 A = Elapsed time spent in this place.
 B = Non-inter-level travel time spent in this place.
 C = Inter-level travel time spent in this place.
 D = Time resting spent in this place.
 E = Time spent auto-exploring this place.
 F = Levels seen in this place.
 G = Mean time per level.
                   A        B        C        D        E       F      G
               +--------+--------+--------+--------+--------+-----+--------+
         Total |     95 |     95 |      0 |     14 |     32 |   1 |   95.0 |
       Dungeon |     95 |     95 |      0 |     14 |     32 |   1 |   95.0 |
               +--------+--------+--------+--------+--------+-----+--------+

Top non-repeatable levels by time:
     D:1: 95 daAuts
